 Dungeon Crawl Stone Soup version 0.29-a0-275-g389c0b56f3 (webtiles) character file.

Game seed: 12454544119501360992

21 YayAnonymity the Sneak (level 2, 0/19 HPs)
             Began as a Spriggan Enchanter on Mar 13, 2022.
             Succumbed to an adder's poison
             ... on level 2 of the Dungeon.
             The game lasted 00:02:06 (1224 turns).

YayAnonymity the Sneak (Spriggan Enchanter)         Turns: 1224, Time: 00:02:06

Health: 0/19       AC:  2    Str:  4    XL:     2   Next: 65%
Magic:  0/6        EV: 17    Int: 16    God:
Gold:   71         SH:  0    Dex: 15    Spells: 4/6 levels left

rFire   . . .      SeeInvis +   a - +1 dagger
rCold   + . .      Faith    .   (no shield)
rNeg    . . .      Spirit   .   b - +0 robe
rPois   .          Reflect  .   (helmet restricted)
rElec   .          Harm     .   (no cloak)
rCorr   .          Rampage  .   (gloves unavailable)
Will    .....                   (boots unavailable)
Stlth   ..........              (no amulet)
HPRegen 0.06/turn               j - ring of protection from cold
MPRegen 0.10/turn               (no ring)

@: berserking, lethally poisoned (0 -> -8), very slightly contaminated, very
quick
A: very small, no large weapons, unfitting armour, see invisible, speed 3
a: no special abilities


You were on level 2 of the Dungeon.
You visited 1 branch of the dungeon, and saw 2 of its levels.

You collected 71 gold pieces.

Inventory:

Hand Weapons
 a - a +1 dagger (weapon)
Missiles
 h - 29 stones (quivered)
Armour
 b - a +0 robe (worn)
Jewellery
 j - a ring of protection from cold (left hand)
Scrolls
 e - a scroll of amnesia {unknown}
 g - 2 scrolls of teleportation {unknown}
Potions
 c - 2 potions of invisibility
 f - a potion of cancellation {unknown}
 i - a potion of curing {unknown}


   Skills:
 * Level 2.2 Short Blades
 - Level 2.6 Dodging
 + Level 4.8 Stealth
 - Level 2.6 Spellcasting
 + Level 4.0 Hexes


You had 4 spell levels left.
You knew the following spells:

 Your Spells              Type           Power      Damage    Failure   Level
a - Ensorcelled Hibernat  Hex/Ice        16%        N/A       13%         2

Your spell library contained the following spells:

 Spells                   Type           Power      Damage    Failure   Level
 Confusing Touch          Hex            14%        N/A       11%         3
 Tukima's Dance           Hex            14%        N/A       11%         3
 Dazzling Flash           Conj/Hex       16%        N/A       26%         3
 Corpse Rot               Necr/Air       4%         N/A       28%         2
 Dispel Undead            Necr           2%         3d7       88%         4
 Death Channel            Necr           1%         N/A       100%        6


Dungeon Overview and Level Annotations

Branches:
Dungeon (2/15)

Altars:


Innate Abilities, Weirdness & Mutations

You are very small and have problems with some larger weapons.
You are too small for most types of armour.
You have supernaturally acute eyesight. (SInv)
You cover ground extremely quickly. (Speed+++)


Message History

No target in view!
There is a stone staircase leading up here.
An adder comes into view.
You barely miss the adder. The adder bites you.
You hit the adder.
The adder is moderately wounded.
The adder bites you.
You are poisoned.
The adder poisons you!
Sorry, you're not good enough to have a special ability.
Casting: Ensorcelled Hibernation (safe; 13% risk of failure)
Confirm with . or Enter, or press ? or * to list all spells.
Aiming: Ensorcelled Hibernation (safe; 13% risk of failure)
Press: ? - help, Shift-Dir - straight line, f - adder
Aim: an adder (moderately wounded, chance to affect: 50%)
You miscast Ensorcelled Hibernation.
You are very lightly contaminated with residual magic.
Nothing appears to happen.
You feel sick. The adder closely misses you.
Casting: Ensorcelled Hibernation (safe; 13% risk of failure)
Confirm with . or Enter, or press ? or * to list all spells.
Aiming: Ensorcelled Hibernation (safe; 13% risk of failure)
Press: ? - help, Shift-Dir - straight line, f/p - adder
Aim: an adder (moderately wounded, chance to affect: 50%)
You miscast Ensorcelled Hibernation.
Nothing appears to happen.
You feel sick. The adder barely misses you. The adder bites you.
* * * LOW HITPOINT WARNING * * *
You are more poisoned.
The adder poisons you!
Casting: Ensorcelled Hibernation (safe; 13% risk of failure)
Confirm with . or Enter, or press ? or * to list all spells.
Aiming: Ensorcelled Hibernation (safe; 13% risk of failure)
Press: ? - help, Shift-Dir - straight line, f/p - adder
Aim: an adder (moderately wounded, chance to affect: 50%)
The adder resists with some effort.
* * * LOW HITPOINT WARNING * * *
You feel sick. The adder barely misses you.
It was a potion of berserk rage.
A red film seems to cover your vision as you go berserk!
You feel yourself moving faster!
You feel mighty!
You die...

## #<# #.#.# .
##.# #...# ##
##.#####.#.# #
#..........# #
.########.####
# #.##..
#.##.# #.##S#
#######.##@#
...........#
#######.####
...# #####


You could see an adder.

Vanquished Creatures
  An endoplasm (D:1)
  A giant cockroach (D:1)
  A goblin (D:2)
  3 hobgoblins (D:1)
  6 jackals (D:1)
  3 ball pythons (D:1)
  A bat (D:2)
  2 frilled lizards (D:1)
18 creatures vanquished.

Notes
Turn   | Place    | Note
-------+----------+-------------------------------------------
     0 | D:1      | YayAnonymity the Spriggan Enchanter began the quest for the
                  | Orb.
     0 | D:1      | Reached XP level 1. HP: 9/9 MP: 5/5
   515 | D:1      | Reached XP level 2. HP: 11/13 MP: 6/6
   547 | D:1      | Learned a level 2 spell: Ensorcelled Hibernation
  1224 | D:2      | Succumbed to an adder's poison

Illustrated notes

Levels and vault maps discovered:
D:1:      minmay_arrival_wavy_path, layout_basic
D:2:      layout_loops_ring, shapermc_ecumenical_altar_petra,
          chequers_serial_rivers_marsh

Skill      XL: |  1  2 |
---------------+-------+-----
Short Blades   | 2 |  2.2
Hexes          | 4 |  4.0
Dodging        | |  2.6
Stealth        | |  4.8
Spellcasting   | |  2.6

Action                   || total
-------------------------++-------
Melee: Dagger            ||    50
       Punch             ||     1
 Cast: Ensorcelled Hiber ||     8
  Use: Potion            ||     1
 Stab: Sleeping          ||    11
Armor: Robe              ||     3
Dodge: Dodged            ||    31

Table legend: (Time is in decaauts)
 A = Elapsed time spent in this place.
 B = Non-inter-level travel time spent in this place.
 C = Inter-level travel time spent in this place.
 D = Time resting spent in this place.
 E = Time spent auto-exploring this place.
 F = Levels seen in this place.
 G = Mean time per level.
                   A        B        C        D        E       F      G
               +--------+--------+--------+--------+--------+-----+--------+
         Total |    889 |    839 |     50 |     55 |    644 |   2 |  444.5 |
       Dungeon |    889 |    839 |     50 |     55 |    644 |   2 |  444.5 |
               +--------+--------+--------+--------+--------+-----+--------+

Top non-repeatable levels by time:
     D:1: 851 daAuts
     D:2: 38 daAuts
